cohdb
Replays
Latest Replays
All Replays
Popular Replays
Top Player Replays
Match Explorer
How It Works
Community
CoH3 Stats
Reddit
Sign in to upload your games and track your stats! →
Sign in with Steam
Match 32712732
Unlisted
Match 32712732
Overview
Messages
Build Orders
End
Pioneer Squad
Construct Infanterie Kompanie
Selects Breakthrough Battlegroup
Selects Assault Grenadiers
Grenadier Squad
Grenadier Squad
Grenadier Squad
Grenadier Squad
Selects Rapid Production
Infanterie Officer Quarters
Construct Luftwaffe Kompanie
Flak 30 Anti-aircraft Gun Team
Jäger Squad
Jäger Squad
Selects Blitzkrieg
Construct Panzer Kompanie
Panzer IV Medium Tank
Jäger Squad
Panzer IV Medium Tank
el campo
MaXiS
Amanda
Ghost
0
0
Comments
sign in to comment!
No comments posted yet!